 Dungeon Crawl Stone Soup version 0.24-a0-537-g2d01d4ab0a (webtiles) character file.

Game seed: 10945582029757743171

97 DasRunzen the Sneak (level 4, 0/35 HPs)
             Began as a Merfolk Assassin on Aug 13, 2019.
             Killed from afar by an orc wizard (4 damage)
             ... with a puff of flame
             ... on level 3 of the Dungeon.
             The game lasted 00:05:13 (2495 turns).

DasRunzen the Sneak (Merfolk Assassin)              Turns: 2495, Time: 00:05:13

Health: 0/35       AC:  3    Str: 11    XL:     4   Next: 68%
Magic:  4/4        EV: 13    Int: 10    God:
Gold:   101        SH:  0    Dex: 16    Spells: 3/3 levels left

rFire    + . .     SeeInvis .   a - +2 dagger
rCold    x . .     Gourm    .   (no shield)
rNeg     . . .     Faith    .   b - +0 robe
rPois    +         Spirit   .   (no helmet)
rElec    .         Reflect  .   c - +0 cloak
rCorr    .         Harm     .   (no gloves)
MR       .....                  (no boots)
Stlth    +++.......             (no amulet)
HPRegen  0.11/turn              j - ring of poison resistance
MPRegen  0.09/turn              o - ring of fire

@: no status effects
A: change form in water, swift swim, stealthy swim
a: no special abilities


You were on level 3 of the Dungeon.
You were very hungry.

You visited 1 branch of the dungeon, and saw 3 of its levels.

You collected 101 gold pieces.

Inventory:

Hand Weapons
 a - a +2 dagger (weapon)
Missiles
 d - 8 poisoned darts (quivered)
 e - 2 curare-tipped darts
Armour
 b - a +0 robe (worn)
 c - a +0 cloak (worn)
Jewellery
 j - a ring of poison resistance (left hand)
 o - a ring of fire (right hand)
Wands
 m - a wand of polymorph (9)
Scrolls
 g - 2 scrolls of teleportation
 n - a scroll of blinking {unknown}
Potions
 h - a potion of might
 i - 2 potions of brilliance {unknown}
 k - a potion of flight {unknown}
 l - a potion of mutation {unknown}
Comestibles
 f - 6 rations


   Skills:
 + Level 3.0 Fighting
 + Level 3.3 Short Blades
 + Level 2.7 Throwing
 + Level 2.7 Dodging
 + Level 4.9 Stealth


You had 3 spell levels left.
You didn't know any spells.
Your spell library was empty.

Dungeon Overview and Level Annotations

Branches:
Dungeon (3/15)

Altars:
Cheibriados


Message History

The orc wizard barely misses you.
You hit the orc wizard.
The orc wizard is severely wounded.
You barely miss the orc wizard.
The orc wizard is severely wounded.
The orc wizard hits you with a +0 dagger.
* * * LOW HITPOINT WARNING * * *
You hit the orc wizard but do no damage.
The orc wizard is severely wounded.
The orc wizard hits you but does no damage.
You hit the orc wizard.
The orc wizard is almost dead.
The orc wizard points at you and mumbles some strange words.
The puff of flame hits you. You resist.
* * * LOW HITPOINT WARNING * * *
You hit the orc wizard.
The orc wizard is almost dead.
The orc wizard points at you and mumbles some strange words.
The puff of flame hits you. You resist.
You die...

#............
#......(.....
#...#........
#...#........
#.o.#.####.##
#..K........#......#
#.#o##.###..#......#
#.#o##..# #......#
#.#@###.## #......#
+.#.# #..# #......#
###.####.#..#......#
+...........#......#
###.####....#......#
#.# #....#.#.....
#.# #.#>.#.######
#.# #.#..#.# #.#
#.#..#.#


You could see an orc wizard, 2 orcs and a kobold.

Vanquished Creatures
  3 adders
  2 worms (D:2)
  3 dart slugs
  2 leopard geckos
  2 orcs (D:3)
  3 giant cockroaches
  8 goblins
  6 hobgoblins
  A quokka (D:3)
  8 bats
  2 frilled lizards
  5 kobolds
  13 rats
58 creatures vanquished.

Notes
Turn   | Place    | Note
-------+----------+-------------------------------------------
     0 | D:1      | DasRunzen the Merfolk Assassin began the quest for the Orb.
     0 | D:1      | Reached XP level 1. HP: 16/16 MP: 1/1
   161 | D:1      | Reached XP level 2. HP: 23/23 MP: 2/2
   343 | D:1      | Reached XP level 3. HP: 26/28 MP: 3/3
  1287 | D:2      | Reached XP level 4. HP: 8/34 MP: 4/4
  1630 | D:2      | Found a snail-covered altar of Cheibriados.
  2495 | D:3      | Killed from afar by an orc wizard

Levels and vault maps discovered:
D:1:      dpeg_arrival_prison, layout_loops_cross
D:2:      layout_basic, kennysheep_slug_shrine, first_ration, minivault_23,
          kennysheep_boxes
D:3:      layout_basic, ebering_ghost_disaster_area, minmay_misc_feat_diagonals

Skill      XL: |  1  2  3  4 |
---------------+-------------+-----
Dodging        | 2 |  2.7
Short Blades   | 3 |  3.3
Fighting       | 3 |  3.0
Throwing       | |  2.7
Stealth        | |  4.9

Action                   |  1- 3 |  4- 6 || total
-------------------------+-------+-------++-------
Melee: Dagger            |   153 |    86 ||   239
       Tailslap          |       |     2 ||     2
  Use: Scroll            |     2 |     1 ||     3
 Stab: Sleeping          |    11 |     3 ||    14
  Eat: Chunk             |     1 |     3 ||     4
Armor: Robe              |    34 |     5 ||    39
Dodge: Dodged            |    83 |    37 ||   120

Table legend:
 A = Non-vault XP
 B = Vault XP
 C = Vault XP percentage of total XP
 D = Non-vault monster count
 E = Vault monster count
 F = Vault count percentage of total count
                 A         B        C        D         E       F
            +---------+---------+-------+---------+---------+-------
      Total |     128 |      11 |   7.9 |      52 |       6 |  10.3
            +---------+---------+-------+---------+---------+-------
        D:1 |      39 |       7 |  15.2 |      24 |       5 |  17.2
        D:2 |      62 |       4 |   6.1 |      20 |       1 |   4.8
        D:3 |      27 |       0 |   0.0 |       8 |       0 |   0.0
            +---------+---------+-------+---------+---------+-------
